 Dungeon Crawl Stone Soup version 0.22-a0-303-g4a852b3 (webtiles) character file.

3341 GizzardofKazz the Fencer (level 9, -2/70 HPs)
             Began as a Minotaur Berserker on Mar 27, 2018.
             Was a High Priest of Trog.
             Slain by an orc warrior
             ... wielding a +0 glaive
              (19 damage)
             ... on level 7 of the Dungeon.
             The game lasted 00:23:19 (6267 turns).

GizzardofKazz the Fencer (Minotaur Berserker)       Turns: 6267, Time: 00:23:19

Health: -2/70      AC: 12    Str: 23    XL:     9   Next: 72%
Magic:  8/8        EV:  7    Int:  4    God:    Trog [*****.]
Gold:   373        SH:  4    Dex: 12    Spells: 8/8 levels left

rFire    . . .     SeeInvis .   p - +1 long sword (elec)
rCold    . . .     Gourm    .   (no shield)
rNeg     . . .     Faith    .   j - +0 plate armour
rPois    .         Spirit   .   u - +0 hat
rElec    .         Reflect  +   (no cloak)
rCorr    .         Harm     .   (no gloves)
MR       .....                  G - +0 pair of boots
Stlth    ..........             h - +4 amulet of reflection
HPRegen  0.21/turn              F - +1 ring of slaying
MPRegen  0.11/turn              C - ring of stealth

@: no status effects
A: retaliatory headbutt, claws 1, horns 2, wild magic 1, evolution 1
a: Berserk, Trog's Hand, Brothers in Arms, Renounce Religion


You were on level 7 of the Dungeon.
You worshipped Trog.
Trog was extremely pleased with you.
You were not hungry.

You visited 1 branch of the dungeon, and saw 7 of its levels.
You also visited: Sewer.

You collected 373 gold pieces.

Inventory:

Hand Weapons
 p - a +1 long sword of electrocution (weapon)
 r - a +5 antimagic great sword
 A - a +0 scimitar
 H - a +1 shortbow of velocity
Armour
 j - a +0 plate armour (worn)
 u - a +0 hat (worn)
 y - a +2 scale mail of cold resistance
 G - a +0 pair of boots (worn)
Jewellery
 a - an uncursed ring of protection from cold
 h - a +4 amulet of reflection (around neck)
 t - an uncursed ring of see invisible
 z - an uncursed amulet of the acrobat
 C - a ring of stealth (right claw)
 F - a +1 ring of slaying (left claw)
Scrolls
 d - a scroll of fog {unknown}
 e - a scroll of remove curse
 g - 2 scrolls of enchant weapon
 l - a scroll of magic mapping
 v - a scroll of fear
 w - 3 scrolls of teleportation
 B - a scroll of blinking {unknown}
 E - a scroll of summoning {unknown}
Potions
 b - 2 potions of brilliance {unknown}
 f - a potion of resistance {unknown}
 i - 2 potions of mutation
 k - 2 potions of curing {unknown}
 m - a potion of cancellation {unknown}
 n - a potion of haste {unknown}
 o - a potion of degeneration {unknown}
 q - 3 potions of might
 s - a potion of berserk rage {unknown}
 x - a potion of heal wounds {unknown}
Comestibles
 c - 14 rations
 D - 9 chunks of flesh


   Skills:
 - Level 3.6 Fighting
 + Level 15.8 Long Blades
 - Level 2.4 Armour
 - Level 2.1 Dodging


You had 8 spell levels left.
You didn't know any spells.

Dungeon Overview and Level Annotations

Branches:
Dungeon (7/15)             Temple (0/1) D:5

Altars:
Dithmenos


Innate Abilities, Weirdness & Mutations

You reflexively headbutt those who attack you in melee.
You have a pair of horns on your head.
You have sharp fingernails.
Your spells are a little harder to cast, but a little more powerful.
You evolve.


Message History

Trog accepts your kill. The orc warrior hits you with a glaive!
The orc closely misses you.
Found 22 arrows.
Things that are here:
a dagger; an orc corpse You are too injured to fight recklessly!
You are too injured to fight recklessly!
You are too injured to fight recklessly!
You hit the orc warrior.
You headbutt the orc warrior, but do no damage.
The orc warrior is lightly wounded.
The orc warrior hits you with a glaive!
* * * LOW HITPOINT WARNING * * *
Your plate armour prevents you from hitting the orc warrior.
The orc warrior is lightly wounded.
The orc hits you but does no damage.
You hit the orc warrior.
The orc warrior is moderately wounded.
The orc warrior hits you with a glaive!!
You die...

# .# ###. . ##.. .$.##
.####...# ....
(.......#
#..###........
##......#...##
#...##.o......
#....)@o..#
#...##?.###
###...###.#
#.....#..##.####
#.##.###.......#
#.##)...#.#####
#..))..........
........#####.#.######
##.####.# #>....)...##


You could see an orc warrior and an orc.

Vanquished Creatures
  Pikel (D:6)
  A hippogriff (D:6)
  Sigmund (D:2)
  Eustachio (D:6)
  2 orc warriors
  2 sky beasts (D:6)
  4 slaves (D:6)
  2 ice beasts (D:5)
  A phantom (D:5)
  3 ogres
  2 centaurs (D:6)
  A bullfrog (Sewer)
  A gnoll sergeant (D:6)
  A water moccasin skeleton (D:7)
  A centaur zombie (D:5)
  4 crimson imps
  A bullfrog zombie (D:6)
  5 orc wizards
  4 orc priests
  An iguana (D:6)
  A centaur skeleton (D:5)
  2 bullfrog skeletons
  Terence (D:3)
  4 worker ants
  A hound zombie (D:5)
  A hound skeleton (D:7)
  5 gnolls
  16 adders
  A shadow imp (D:7)
  14 oozes (Sewer)
  An adder skeleton (D:6)
  4 worms
  2 dart slugs
  16 leopard geckos
  17 orcs
  6 bats
  13 giant cockroaches
  10 goblins
  9 hobgoblins
  19 jackals
  3 quokkas
  19 ball pythons
  13 frilled lizards
  12 kobolds
  A quokka skeleton (D:5)
  13 rats
243 creatures vanquished.

Notes
Turn   | Place    | Note
-------+----------+-------------------------------------------
     0 | D:1      | GizzardofKazz the Minotaur Berserker began the quest for the Orb.
     0 | D:1      | Reached XP level 1. HP: 19/19 MP: 0/0
    77 | D:1      | Reached skill level 4 in Long Blades
   159 | D:1      | Reached XP level 2. HP: 21/26 MP: 1/1
   499 | D:1      | Reached ** piety under Trog
   499 | D:1      | Reached skill level 5 in Long Blades
  1146 | D:2      | Reached XP level 3. HP: 19/31 MP: 2/2
  1155 | D:2      | Found a shadowy altar of Dithmenos.
  1156 | D:2      | Noticed Sigmund
  1332 | D:2      | Killed Sigmund
  1332 | D:2      | Reached skill level 7 in Long Blades
  1332 | D:2      | Reached XP level 4. HP: 23/39 MP: 3/3
  1332 | D:2      | Reached XP level 5. HP: 26/45 MP: 4/4
  1714 | D:2      | Reached skill level 8 in Long Blades
  1784 | D:2      | Reached XP level 6. HP: 42/51 MP: 5/5
  2850 | D:3      | Reached *** piety under Trog
  2922 | D:3      | Noticed Terence
  2928 | D:3      | Killed Terence
  3242 | D:4      | Reached skill level 9 in Long Blades
  3721 | D:4      | Reached XP level 7. HP: 53/57 MP: 6/6
  3913 | D:4      | Found a glowing drain.
  3917 | Sewer    | Entered a sewer
  3919 | Sewer    | Reached **** piety under Trog
  3967 | Sewer    | Reached skill level 10 in Long Blades
  4145 | Sewer    | Reached ***** piety under Trog
  4455 | D:5      | Entered Level 5 of the Dungeon
  4494 | D:5      | Reached skill level 11 in Long Blades
  4588 | D:5      | Reached XP level 8. HP: 64/64 MP: 7/7
  4622 | D:5      | Found a staircase to the Ecumenical Temple.
  4857 | D:5      | Received a gift from Trog
  4866 | D:5      | Reached skill level 12 in Long Blades
  5263 | D:6      | Noticed a hippogriff
  5265 | D:6      | Noticed Eustachio
  5272 | D:6      | Killed a hippogriff
  5272 | D:6      | Reached skill level 13 in Long Blades
  5282 | D:6      | Killed Eustachio
  5384 | D:6      | Noticed Pikel
  5407 | D:6      | Killed Pikel
  5407 | D:6      | Reached skill level 14 in Long Blades
  5407 | D:6      | Reached XP level 9. HP: 70/70 MP: 8/8
  5682 | D:6      | Reached skill level 15 in Long Blades
  6246 | D:7      | Gained mutation: You have large cloven feet. [potion of mutation]
  6246 | D:7      | Gained mutation: You can translocate small distances at will. [potion of mutation]
  6246 | D:7      | Gained mutation: You are somewhat resistant to further mutation. [potion of mutation]
  6247 | D:7      | Lost mutation: You have large cloven feet. [potion of mutation]
  6247 | D:7      | Lost mutation: You are somewhat resistant to further mutation. [potion of mutation]
  6247 | D:7      | Lost mutation: You can translocate small distances at will. [potion of mutation]
  6247 | D:7      | Gained mutation: You evolve. [potion of mutation]
  6247 | D:7      | Gained mutation: You have sharp fingernails. [potion of mutation]
  6247 | D:7      | Gained mutation: Your spells are a little harder to cast, but a little more powerful. [potion of mutation]
  6258 | D:7      | Received a gift from Trog
  6267 | D:7      | Slain by an orc warrior

Vault maps used:
D:1:      dpeg_arrival_water_fire, st_stairs_6, roderic_serpentine_path
D:2:      first_ration, st_stairs_5, nicolae_dithmenos_shadow_blocks,
          uniq_sigmund
D:3:      cheibrodos_old_hovel, minmay_snake_closets, uniq_terence
D:4:      gup_sewer_entry_bowl, kennysheep_path_1, minmay_misc_feat_doors,
          hangedman_decor_peaks_small, sigmund_army
D:5:      temple_fountains
D:6:      minmay_diamond_boxcup, grunt_ministairs_15, uniq_eustachio, uniq_pikel
D:7:      grunt_livestock, minmay_misc_feat_rugged, uniq_joseph
Sewer:    sewer_frog_island_02

Skill      XL: |  1  2  3  4  5  6  7  8  9 |
---------------+----------------------------+-----
Long Blades    | 4 5 7 8 9 11 14 15 | 15.8
Fighting       | |  3.6
Armour         | |  2.4
Dodging        | |  2.1

Action                   |  1- 3 |  4- 6 |  7- 9 || total
-------------------------+-------+-------+-------++-------
Melee: Falchion          |    61 |   127 |       ||   188
       Headbutt          |    12 |    25 |    45 ||    82
       Long sword        |       |    32 |   268 ||   300
       Great sword       |       |       |    11 ||    11
Invok: Berserk           |     1 |     2 |     6 ||     9
  Use: Scroll            |       |       |    10 ||    10
       Potion            |       |       |     2 ||     2
  Eat: Chunk             |     1 |    10 |    15 ||    26
Armor: Animal skin       |    12 |     8 |       ||    20
       Scale mail        |       |    38 |    38 ||    76
       Plate armour      |       |       |    69 ||    69
Dodge: Dodged            |    39 |    87 |   148 ||   274
Block: Other             |       |       |     5 ||     5
       Reflection        |       |       |     1 ||     1
       Rpst.: Falchion   |    16 |    20 |       ||    36
       Long sword        |       |     2 |    42 ||    44

Table legend:
 A = Spawn XP
 B = Non-spawn XP
 C = Spawn XP percentage of total XP
 D = Spawn monster count
 E = Non-spawn monster count
 F = Spawn count percentage of total count
 G = Total turns spent on level
                    A         B        C        D         E        F      G
               +---------+---------+-------+---------+---------+-------+---------
         Total |       0 |    4774 |   0.0 |       0 |     239 |   0.0 |  6267
               +---------+---------+-------+---------+---------+-------+---------
           D:1 |       0 |      40 |   0.0 |       0 |      25 |   0.0 |  1137
           D:2 |       0 |     351 |   0.0 |       0 |      24 |   0.0 |  1251
           D:3 |       0 |     169 |   0.0 |       0 |      38 |   0.0 |   851
           D:4 |       0 |     241 |   0.0 |       0 |      24 |   0.0 |   912
           D:5 |       0 |     700 |   0.0 |       0 |      15 |   0.0 |   700
           D:6 |       0 |    2564 |   0.0 |       0 |      44 |   0.0 |  1031
           D:7 |       0 |     393 |   0.0 |       0 |      12 |   0.0 |    81
         Sewer |       0 |     316 |   0.0 |       0 |      57 |   0.0 |   304
               +---------+---------+-------+---------+---------+-------+---------
